 Dungeon Crawl Stone Soup version 0.21.1-1-g345015f (webtiles) character file.

3808 CougarLife the Grappler (level 9, -1/81 HPs)
             Began as a Troll Monk on June 6, 2018.
             Was a High Priest of Okawaru.
             Slain by csloce's ghost (19 damage)
             ... on level 8 of the Dungeon.
             The game lasted 00:12:54 (6647 turns).

CougarLife the Grappler (Troll Monk)                Turns: 6647, Time: 00:12:55

Health: -1/81      AC:  7    Str: 22    XL:     9   Next: 96%
Magic:  11/12      EV: 14    Int:  8    God:    Okawaru [*****.]
Gold:   708        SH:  0    Dex: 12    Spells: 8/8 levels left

rFire    . . .     SeeInvis .     - Unarmed
rCold    . . .     Gourm    +   (no shield)
rNeg     . . .     Faith    .   q - +0 robe {MR+}
rPois    .         Spirit   .   K - +1 hat
rElec    .         Reflect  .   w - +0 cloak
rCorr    +         Harm     .   (gloves unavailable)
MR       ++...                  (boots unavailable)
Stlth    +++.......             (no amulet)
HPRegen  0.63/turn              i - ring of protection from magic
MPRegen  0.13/turn              y - ring of resist corrosion

@: about to teleport, heroism
A: large, unfitting armour, claws 3, fast metabolism 3, gourmand, regeneration
1, shaggy fur 1, tough skin 2
a: Heroism, Finesse, Renounce Religion


You were on level 8 of the Dungeon.
You worshipped Okawaru.
Okawaru was extremely pleased with you.
You were not hungry.

You visited 1 branch of the dungeon, and saw 8 of its levels.
You also visited: Ossuary.

You collected 708 gold pieces.

Inventory:

Armour
 q - a +0 robe of magic resistance (worn)
 w - a +0 cloak (worn)
 K - a +1 hat (worn)
Jewellery
 i - a ring of protection from magic (left claw)
 y - a ring of resist corrosion (right claw)
Wands
 x - a wand of random effects (41)
 z - a wand of iceblast (5)
 A - a wand of paralysis (11)
 C - a wand of polymorph (13)
 F - a wand of flame (23)
 J - a wand of digging (15)
Scrolls
 a - 2 scrolls of identify
 c - 10 scrolls of teleportation
 f - 3 scrolls of fog {unknown}
 h - 3 scrolls of amnesia {unknown}
 l - a scroll of immolation {unknown}
 n - 2 scrolls of blinking {unknown}
 o - 7 scrolls of remove curse
 p - 3 scrolls of fear
 t - a scroll of enchant armour {unknown}
 E - a scroll of magic mapping {unknown}
 G - a scroll of summoning {unknown}
 H - 4 scrolls of random uselessness {unknown}
 I - a scroll of holy word {unknown}
Potions
 d - 4 potions of curing {unknown}
 e - 4 potions of flight {unknown}
 j - a potion of brilliance {unknown}
 k - 2 potions of haste {unknown}
 m - 2 potions of berserk rage {unknown}
 r - 6 potions of agility
 s - 2 potions of lignification {unknown}
 u - 4 potions of ambrosia {unknown}
 v - 3 potions of heal wounds {unknown}
 B - 2 potions of mutation {unknown}
 D - a potion of degeneration {unknown}
Comestibles
 b - 16 rations


   Skills:
 - Level 3.0(8.0) Fighting
 - Level 3.3(8.3) Dodging
 - Level 1.0(6.0) Stealth
 - Level 12.0(17.0) Unarmed Combat
 + Level 6.5 Invocations


You had 8 spell levels left.
You didn't know any spells.

Dungeon Overview and Level Annotations

Branches:
Dungeon (8/15)             Temple (0/1) D:4
   Lair: D:8-11

Altars:
Ashenzari
Dithmenos
Fedhas
Gozag
Hepliaklqana
Kikubaaqudgha
Nemelex Xobeh
Okawaru
Ru
Sif Muna
Trog
Vehumet

Shops:
D:5 (*

Annotations:
D:8 csloce's ghost, novice TrBe


Innate Abilities, Weirdness & Mutations

You are too large for most types of armour.
You have claws for hands.
Your metabolism is lightning-fast.
You like to eat raw meat.
Your natural rate of healing is unusually fast.
You are covered in fur. (AC +1)
You have very tough skin. (AC +2)


Message History

You gain the combat prowess of a mighty hero.
Csloce's ghost barely misses you.
You closely miss csloce's ghost. Csloce's ghost hits you!!
You completely miss csloce's ghost. Csloce's ghost misses you.
You barely miss csloce's ghost. Csloce's ghost hits you!!
You closely miss csloce's ghost. You scratch csloce's ghost.
Csloce's ghost is lightly damaged.
Csloce's ghost completely misses you.
You scratch csloce's ghost.
Csloce's ghost is lightly damaged.
Csloce's ghost hits you!!
* * * LOW HITPOINT WARNING * * *
As you read the scroll of fear, it crumbles to dust.
You assume a fearsome visage.
Csloce's ghost is unaffected.
Unknown command.
As you read the scroll of teleportation, it crumbles to dust.
You feel strangely unstable. Csloce's ghost closely misses you.
Csloce's ghost hits you!!
You die...

# #.# #.#####(.......# # #...
............##.# # #...
..##...........#####.... # ##.#
#.......#####........#.. # #.#
#.#####...# ###.####...# # #.#
#.#.####...##..... # #.#
#####..#.....#....#.##
######.###.#...#.#.####...####.#.
...........#...#@#.# ###.##.....#
######.###.....W.#.# #...........
#.# ####.####.###.#.........
#.######.####....<####.##.##
#...<.......)..#### #.##..#
########.####.## ##.##.#. #. #.#
###...#.## #. #.# ##.......## #.
#.####.#....###


You could see csloce's ghost.

Vanquished Creatures
  The ghost of Nikuvan33 the Fighter, a novice MiBe of Trog (D:6)
  The ghost of dedward the Charmwright, a novice GnSk of Xom (D:4)
  A wyvern (D:7)
  Eustachio (D:6)
  A water moccasin (D:6)
  Duvessa (D:7)
  2 orc warriors (D:6)
  2 sky beasts
  An ice beast (D:7)
  A black bear (D:6)
  2 ogres
  A phantom (D:8)
  2 centaurs
  4 bullfrogs
  Dowan (D:7)
  3 scorpions
  The ghost of EpicGamer07 the Covered, a weakling HuFi (D:3)
  A howler monkey (D:5)
  5 crimson imps
  4 hounds
  A bullfrog skeleton (D:5)
  An orc priest (D:5)
  Crazy Yiuf (D:4)
  6 orc wizards
  Jessica (D:2)
  4 worker ants
  A big kobold zombie (Ossuary)
  8 mummies (Ossuary)
  6 adders
  A shadow imp (D:7)
  3 oozes (D:4)
  4 adder skeletons
  5 worms
  3 dart slugs (D:1)
  6 leopard geckos
  27 orcs
  A ball python (D:4)
  3 giant cockroaches
  12 goblins
  11 hobgoblins
  6 jackals (D:5)
  2 quokkas
  7 bats
  8 frilled lizards
  A gnoll zombie (Ossuary)
  2 hobgoblin zombies (Ossuary)
  A jackal skeleton (D:8)
  4 kobolds
  A kobold zombie (Ossuary)
  3 orc zombies (Ossuary)
  15 rats
191 creatures vanquished.

Notes
Turn   | Place    | Note
-------+----------+-------------------------------------------
     0 | D:1      | CougarLife the Troll Monk began the quest for the Orb.
     0 | D:1      | Reached XP level 1. HP: 22/22 MP: 0/0
   411 | D:1      | Reached XP level 2. HP: 29/29 MP: 1/1
   993 | D:2      | Noticed Jessica
  1003 | D:2      | Killed Jessica
  1003 | D:2      | Reached XP level 3. HP: 37/37 MP: 2/2
  1050 | D:2      | Found a faded altar of an unknown god.
  1078 | D:2      | Found an iron altar of Okawaru.
  1080 | D:2      | Found a bloodstained altar of Trog.
  1098 | D:2      | Became a worshipper of Warmaster Okawaru
  1098 | D:2      | Reached * piety under Okawaru
  1098 | D:2      | Reached ** piety under Okawaru
  1161 | D:2      | Reached XP level 4. HP: 33/45 MP: 3/3
  1293 | D:2      | Found a sparkling altar of Nemelex Xobeh.
  1670 | D:3      | Reached skill level 4 in Unarmed Combat
  1707 | D:3      | Reached XP level 5. HP: 34/53 MP: 4/4
  2218 | D:3      | Noticed EpicGamer07's ghost (weakling HuFi)
  2228 | D:3      | Killed EpicGamer07's ghost
  2228 | D:3      | Reached skill level 5 in Unarmed Combat
  2261 | D:3      | Found an opulent altar of Gozag.
  2570 | D:3      | Found a sacrificial altar of Ru.
  2764 | D:4      | Found a runed door.
  2827 | D:4      | Reached XP level 6. HP: 61/61 MP: 5/5
  2895 | D:4      | Found a staircase to the Ecumenical Temple.
  2899 | D:4      | Noticed dedward's ghost (novice GnSk)
  2910 | D:4      | Killed dedward's ghost
  2910 | D:4      | Reached *** piety under Okawaru
  2910 | D:4      | Reached skill level 7 in Unarmed Combat
  2910 | D:4      | Reached XP level 7. HP: 46/67 MP: 3/6
  3139 | D:4      | Noticed Crazy Yiuf
  3143 | D:4      | Killed Crazy Yiuf
  3214 | D:5      | Entered Level 5 of the Dungeon
  3219 | D:5      | Found Zoyxia's General Store.
  3251 | D:5      | Reached skill level 8 in Unarmed Combat
  3621 | D:5      | Reached skill level 9 in Unarmed Combat
  3763 | D:5      | Reached XP level 8. HP: 73/75 MP: 7/7
  3817 | D:5      | Reached **** piety under Okawaru
  3828 | D:5      | Found Uteipif's Antique Weapon Emporium.
  3872 | D:6      | Found a shattered altar of Ashenzari.
  3996 | D:6      | Found a hazy altar of Hepliaklqana.
  4027 | D:6      | Reached skill level 10 in Unarmed Combat
  4115 | D:6      | Noticed Eustachio
  4124 | D:6      | Killed Eustachio
  4170 | D:6      | Found a radiant altar of Vehumet.
  4176 | D:6      | Reached ***** piety under Okawaru
  4176 | D:6      | Reached skill level 5 in Invocations
  4176 | D:6      | Reached XP level 9. HP: 56/81 MP: 11/11
  4180 | D:6      | Noticed Nikuvan33's ghost (novice MiBe)
  4212 | D:6      | Killed Nikuvan33's ghost
  4533 | D:6      | Found a deep blue altar of Sif Muna.
  4568 | D:6      | Found a deep blue altar of Sif Muna.
  4594 | D:6      | Found a shadowy altar of Dithmenos.
  4885 | D:7      | Found a bloodstained altar of Trog.
  4937 | D:7      | Found a blossoming altar of Fedhas.
  4940 | D:7      | Found an ancient bone altar of Kikubaaqudgha.
  5042 | D:7      | Reached skill level 11 in Unarmed Combat
  5291 | D:7      | Noticed Duvessa
  5296 | D:7      | Killed Duvessa
  5297 | D:7      | Noticed Dowan
  5302 | D:7      | Killed Dowan
  5310 | D:7      | Found a sand-covered staircase.
  5315 | Ossuary  | Entered an ossuary
  6557 | D:8      | Reached skill level 12 in Unarmed Combat
  6633 | D:8      | Noticed csloce's ghost (novice TrBe)
  6647 | D:8      | Slain by csloce's ghost

Skill      XL: |  1  2  3  4  5  6  7  8  9 |
---------------+----------------------------+-----
Fighting       | 3 |  3.0
Dodging        | 3 |  3.3
Unarmed Combat | 4 5 7 9 10 12 | 12.0
Invocations    | 5 6 |  6.5
Stealth        | |  1.0

Action                   |  1- 3 |  4- 6 |  7- 9 || total
-------------------------+-------+-------+-------++-------
Melee: Unarmed           |    59 |   160 |   309 ||   528
       Punch             |     1 |     1 |    18 ||    20
Invok: Heroism           |       |     2 |     9 ||    11
  Use: Scroll            |       |       |    11 ||    11
 Stab: Sleeping          |     6 |     2 |     1 ||     9
       Distracted        |       |       |     1 ||     1
  Eat: Chunk             |    14 |    18 |    27 ||    59
Armor: Robe              |    12 |    33 |    71 ||   116
Dodge: Dodged            |    28 |    80 |   137 ||   245
